 Dungeon Crawl Stone Soup version 0.28.0-43-g3370ac3207 (webtiles) character file.

Game seed: 10218599654116502998

82924 Peloso the Fencer (level 15, -3/141 HPs)
             Began as a Minotaur Fighter on Mar 18, 2022.
             Was a High Priest of Okawaru.
             Slain by a cane toad (14 damage)
             ... summoned by a boggart
             ... on level 6 of the Lair of Beasts.
             The game lasted 00:55:50 (30577 turns).

Peloso the Fencer (Minotaur Fighter)               Turns: 30577, Time: 00:55:53

Health: -3/141     AC: 32    Str: 29    XL:     15   Next: 30%
Magic:  15/16      EV: 12    Int:  5    God:    Okawaru [*****.]
Gold:   1999       SH: 15    Dex: 12    Spells: 14/14 levels left

rFire   . . .      SeeInvis +   a - +4 long sword (drain)
rCold   + . .      Faith    .   c - +0 kite shield
rNeg    . . .      Spirit   .   d - +2 plate armour {rC+}
rPois   .          Reflect  .   V - +1 hat {SInv}
rElec   .          Harm     .   e - +0 cloak
rCorr   .          Rampage  .   O - +0 pair of gloves {Str+3}
Will    ++...                   m - +0 pair of boots
Stlth   ..........              k - amulet of the acrobat
HPRegen 0.33/turn               C - ring of willpower
MPRegen 0.15/turn               Q - +4 ring of protection

@: heroic
A: horns 2, retaliatory headbutt
a: Renounce Religion, Heroism, Finesse, Duel


You were on level 6 of the Lair of Beasts.
You worshipped Okawaru.
Okawaru was extremely pleased with you.
You visited 4 branches of the dungeon, and saw 22 of its levels.
You also visited: Ossuary and Bailey.

You collected 2163 gold pieces.
You spent 164 gold pieces at shops.

Inventory:

Hand Weapons
 a - a +4 long sword of draining (weapon)
 b - a +2 war axe of flaming
Armour
 c - a +0 kite shield (worn)
 d - a +2 plate armour of cold resistance (worn)
 e - a +0 cloak (worn)
 l - the +2 hat "Jycyet" {rF+ Str+4 Int-5}
   (Okawaru gifted it to you on level 13 of the Dungeon)

   Str:       It affects your strength (+4).
   Int:       It affects your intelligence (-5).
   rF:        It protects you from fire.
 m - a +0 pair of boots (worn)
 O - a +0 pair of gloves of strength (worn)
 V - a +1 hat of see invisible (worn)
Jewellery
 k - an amulet of the acrobat (around neck)
 n - a ring of poison resistance
 x - a ring of ice
 y - a ring of protection from cold
 z - the ring "Heckusaz" {Will+ rCorr Str-5 Int+6 Slay+3}
   (You found it on level 4 of the Lair of Beasts)

   [ring of intelligence]

   Str:       It affects your strength (-5).
   Int:       It affects your intelligence (+6).
   Slay:      It affects your accuracy & damage with ranged weapons and melee
   (+3).
   rCorr:     It protects you from acid and corrosion.
   Will:      It increases your willpower.
 C - a ring of willpower (left hand)
 E - a ring of positive energy
 G - a ring of positive energy
 I - an amulet of magic regeneration
 Q - a +4 ring of protection (right hand)
 S - a ring of resist corrosion
 X - the ring of Yendor {Fire Str+2}
   (You found it on level 6 of the Dungeon)

   [ring of fire]

   It enhances your fire magic.
   Str:       It affects your strength (+2).
   rF:        It protects you from fire.
   rC:        It makes you vulnerable to cold.
Wands
 W - a wand of flame (8)
Scrolls
 f - 4 scrolls of immolation
 g - 5 scrolls of teleportation
 h - a scroll of holy word
 o - a scroll of enchant armour
 p - 3 scrolls of summoning
 s - a scroll of torment {unknown}
 t - 6 scrolls of enchant weapon
 u - 4 scrolls of noise {unknown}
 w - a scroll of silence {unknown}
 D - 5 scrolls of fog {unknown}
 F - a scroll of magic mapping
 H - a scroll of amnesia
 M - a scroll of identify
 T - a scroll of blinking
 U - 3 scrolls of fear
Potions
 i - a potion of might
 j - 13 potions of curing
 q - 2 potions of resistance
 r - 2 potions of berserk rage
 v - 4 potions of heal wounds
 A - 3 potions of flight
 B - a potion of magic
 J - 3 potions of ambrosia {unknown}
 K - 2 potions of haste {unknown}
 L - a potion of brilliance
 N - 5 potions of attraction {unknown}
 P - a potion of mutation {unknown}
 R - a potion of cancellation {unknown}
 Y - a potion of lignification


   Skills:
 + Level 15.5(20.5) Fighting
 + Level 16.6(21.6) Long Blades
 + Level 3.4(8.4) Axes
 + Level 16.3(21.3) Armour
 + Level 5.2(10.2) Dodging
 + Level 3.3(8.3) Stealth
 + Level 16.0(21.0) Shields
 + Level 0.1(5.1) Unarmed Combat
 + Level 2.8 Invocations
 + Level 1.5 Evocations


You had 14 spell levels left.
You didn't know any spells.
Your spell library contained the following spells:

 Spells                   Type           Power      Damage    Failure   Level
 Apportation              Tloc           0%         N/A       95%         1
 Foxfire                  Conj/Fire      0%         2x1d4     95%         1
 Pain                     Necr           0%         1d4       95%         1
 Slow                     Hex            0%         N/A       95%         1
 Static Discharge         Conj/Air       0%         N/A       99%         2
 Confusing Touch          Hex            0%         N/A       100%        3
 Conjure Flame            Conj/Fire      0%         6-21      100%        3
 Inner Flame              Hex/Fire       0%         N/A       100%        3
 Ozocubu's Armour         Ice            0%         N/A       100%        3
 Vampiric Draining        Necr           0%         2d6       100%        3
 Dispel Undead            Necr           0%         3d6       100%        4
 Flame Wave               Conj/Fire      0%         2d4       100%        4
 Sticky Flame             Conj/Fire      0%         2d3       100%        4
 Metabolic Englaciation   Hex/Ice        0%         N/A       100%        5
 Storm Form               Tmut/Air       0%         N/A       100%        7
 Maxwell's Capacitive Co  Air            0%         ∞         100%        8
 Animate Skeleton         Necr           Unusable   N/A       N/A         1
 Summon Small Mammal      Summ           Unusable   N/A       N/A         1
 Summon Lightning Spire   Summ/Air       Unusable   N/A       N/A         4
 Simulacrum               Ice/Necr       Unusable   N/A       N/A         6

Dungeon Overview and Level Annotations

Branches:
Dungeon (13/15)            Temple (1/1) D:7            Lair (6/6) D:11
  Swamp (0/4) Lair:3       Spider (0/4) Lair:3        Slime (0/5) Lair:6
    Orc (2/2) D:11            Elf (0/3) Orc:2        Vaults (0/5) D:13
Ossuary (visited)          Bailey (visited)

Altars:
Ashenzari
Cheibriados
Dithmenos
Elyvilon
Fedhas
Gozag
Hepliaklqana
Kikubaaqudgha
Makhleb
Nemelex Xobeh
Okawaru
Qazlal
Ru
Sif Muna
Trog
Uskayaw
Vehumet
Wu Jian
Xom
Yredelemnul
Zin
The Shining One
Beogh
Jiyva
Lugonu

Shops:
Orc:2 ([[?

Portals:
Abyss: Lair:6

Annotations:
D:10 Casa
Lair:2 3 runed translucent doors, Kaptain's ghost, adept GrEE


Innate Abilities, Weirdness & Mutations

You have a pair of horns on your head.
You reflexively headbutt those who attack you in melee.


Message History

The spriggan hits you but does no damage.
You block the cane toad's attack. You block the boggart's attack.
You feel much better.
The spriggan rider hits you from afar with the +9 trident "Jiryrrel" {pain, +Blink rF+ rN+ Int+5}!!
* * * LOW HITPOINT WARNING * * *
You writhe in agony.
* * * LOW HITPOINT WARNING * * *
You block ciphuk's ghost's attack. You block the cane toad's attack.
The spriggan barely misses you. You block the boggart's attack.
You feel much better. The cane toad misses you.
The spriggan rider hits you from afar with the +9 trident "Jiryrrel" {pain, +Blink rF+ rN+ Int+5}!
* * * LOW HITPOINT WARNING * * *
Ciphuk's ghost hits you but does no damage.
The spriggan barely misses you.
The boggart mumbles some strange words.
The boggart blinks!
The boulder beetle leaps!
You hit ciphuk's ghost but do no damage.
You headbutt ciphuk's ghost, but do no damage.
Ciphuk's ghost is almost destroyed.
The cane toad stings you.
* * * LOW HITPOINT WARNING * * *
You are poisoned.
The cane toad poisons you! You block the spriggan rider's attack.
You block the spriggan's attack. Ciphuk's ghost hits you.
* * * LOW HITPOINT WARNING * * *
As you read the scroll of holy word, it crumbles to dust.
You speak a Word of immense power!
Ciphuk's ghost convulses!
You destroy ciphuk's ghost!
Okawaru accepts your kill.
You feel very sick. You block the cane toad's attack.
You block the spriggan rider's attack. The spriggan misses you.
Unknown command.
You feel better. The cane toad stings you.
* * * LOW HITPOINT WARNING * * *
You block the spriggan rider's attack.
The spriggan hits you from afar with a +0 trident!
* * * LOW HITPOINT WARNING * * *
The cane toad stings you!
You die...

.###.............................
.#...............................
.................................
................#####............
................#♣♣♣####.........
................#..♣♣♣♣##........
................##♣...♣ ##.#...#.
..............gF∩#hB..♣ #.....###
................@#♣...♣♣##.#..##.
P#...............'i♣!..♣#.##.....
###.####.........#i..♣.♣#.#......
.#### #P...#....∩#l..♣ #........
.# #...####..##..♣.♣ #........ ##
##..# ##..#.♣♣♣♣♣ #####....
.######..####P..#♣♣ #...##
...#.#...P......###### ##..#
.....................# #..##


You could see a boulder beetle (summoned), a spriggan rider, a komodo dragon
(summoned), a cane toad (summoned), a spriggan, a wolf and a boggart
(invisible).

Vanquished Creatures
  Gastronok (Orc:1)
  The ghost of ciphuk the Archer, a journeyman TeWn of Dithmenos (Lair:6)
  Nessos (Lair:5)
  8 vault guards (D:13)
  10 hydras
  3 boulder beetles
  A centaur warrior (D:13)
  5 two-headed ogres
  A tengu warrior (D:13)
  An orc high priest (Orc:1)
  4 thrashing horrors (Lair:6)
  9 skeletal warriors
  2 fire crabs (Lair:5)
  A large abomination (Lair:6)
  3 orc knights
  An obsidian statue (D:12)
  2 bog bodies (Lair:3)
  2 deep elf pyromancers
  An ugly thing (Lair:6)
  A wizard (D:12)
  An oklob plant (Lair:5)
  2 orc sorcerers
  A manticore (D:13)
  7 elephants (Lair:5)
  5 black mambas
  18 cane toads
  A smoke demon (Lair:6)
  The ghost of Tali the Chopper, a novice DsBe of Trog (D:6)
  A torpor snail (Lair:6)
  3 rime drakes
  An unseen horror (D:12)
  Maggie (D:6)
  9 komodo dragons
  2 tengu conjurers (D:10)
  2 ancient zymes (Lair:6)
  6 trolls
  7 polar bears
  5 slime creatures
  30 blink frogs
  4 dream sheep (Lair:6)
  Sigmund (D:5)
  2 ynoxinuls (Lair:6)
  A shadow (D:12)
  Eustachio (D:6)
  6 basilisks
  2 wraiths
  30 yaks
  4 wyverns
  3 chaos spawn (Lair:6)
  17 water moccasins
  3 acid dragons
  47 orc warriors
  A sky beast (D:6)
  5 ice beasts
  3 black bears
  3 necrophages
  A tengu (shapeshifter) (Lair:6)
  6 wolves (Lair:5)
  10 ogres
  13 centaurs
  A phantom (D:5)
  3 kobold brigands
  18 bullfrogs
  6 gnoll sergeants
  2 scorpions (D:6)
  13 small abominations (Lair:6)
  18 wights
  2 howler monkeys
  2 electric eels
  7 centaur zombies
  A bullfrog zombie (D:7)
  2 jellies
  A hound (D:4)
  Crazy Yiuf (D:2)
  8 orc priests
  A bullfrog skeleton (D:6)
  Jessica (D:2)
  3 iguanas
  Natasha (thrice) (D:2)
  22 orc wizards
  A centaur simulacrum (D:6)
  4 mummies (Ossuary)
  3 hound zombies
  Robin (D:2)
  A howler monkey zombie (D:9)
  8 gnolls
  A howler monkey skeleton (D:6)
  7 adders
  5 white imps
  An adder skeleton (D:4)
  3 adder zombies (Ossuary)
  2 worms (D:2)
  5 dart slugs
  73 orcs
  5 bats
  12 endoplasms
  4 giant cockroaches
  6 hobgoblins
  8 jackals
  9 kobolds
  4 quokkas
  6 ball pythons
  4 frilled lizards
  25 goblins
  A goblin zombie (Ossuary)
  A hobgoblin zombie (Ossuary)
  A jackal zombie (Ossuary)
  A kobold zombie (Ossuary)
  An orc zombie (Ossuary)
  25 rats
  2 rat zombies (Ossuary)
669 creatures vanquished.

Vanquished Creatures (others)
  An orc (D:10)
  87 fungi
  124 plants
212 creatures vanquished.

Grand Total: 881 creatures vanquished

Notes
Turn   | Place    | Note
-------+----------+-------------------------------------------
     0 | D:1      | Peloso the Minotaur Fighter began the quest for the Orb.
     0 | D:1      | Reached XP level 1. HP: 19/19 MP: 0/0
   306 | D:1      | Reached XP level 2. HP: 26/27 MP: 1/1
   446 | D:1      | Found a faded altar of an unknown god.
  1062 | D:2      | Reached XP level 3. HP: 33/33 MP: 2/2
  1123 | D:2      | Noticed Natasha
  1129 | D:2      | Killed Natasha
  1136 | D:2      | Noticed Jessica
  1140 | D:2      | Killed Jessica
  1141 | D:2      | Reached XP level 4. HP: 27/40 MP: 3/3
  1242 | D:2      | Noticed Robin
  1633 | D:2      | Killed Robin
  1661 | D:2      | Noticed Natasha
  1669 | D:2      | Killed Natasha
  1670 | D:2      | Reached XP level 5. HP: 38/46 MP: 4/4
  1695 | D:2      | Noticed Natasha
  1700 | D:2      | Killed Natasha
  1701 | D:2      | Reached skill level 1 in Dodging
  1809 | D:2      | Reached skill level 5 in Armour
  2065 | D:2      | Found a runed translucent door.
  2066 | D:2      | Noticed Crazy Yiuf
  2161 | D:2      | Reached skill level 5 in Long Blades
  2591 | D:3      | Reached XP level 6. HP: 49/52 MP: 5/5
  3121 | D:4      | Found a sacrificial altar of Ru.
  3483 | D:5      | Entered Level 5 of the Dungeon
  3508 | D:5      | Reached XP level 7. HP: 48/60 MP: 6/6
  3817 | D:5      | Noticed Sigmund
  3833 | D:5      | Killed Sigmund
  3834 | D:5      | Reached skill level 1 in Stealth
  4277 | D:5      | Reached skill level 5 in Fighting
  4639 | D:2      | Killed Crazy Yiuf
  4744 | D:6      | Reached XP level 8. HP: 68/68 MP: 7/7
  4756 | D:6      | Reached skill level 1 in Evocations
  5205 | D:6      | Reached skill level 5 in Shields
  5368 | D:6      | Noticed Eustachio
  5393 | D:6      | Killed Eustachio
  5663 | D:6      | Noticed Maggie
  5671 | D:6      | Reached XP level 9. HP: 62/75 MP: 8/8
  5675 | D:6      | Killed Maggie
  5854 | D:6      | Noticed Tali's ghost (novice DsBe)
  5868 | D:6      | Reached skill level 10 in Long Blades
  5869 | D:6      | Found a runed translucent gate.
  5998 | D:6      | Found a runed translucent gate.
  5999 | D:6      | Found a runed translucent gate.
  6600 | D:7      | Found a staircase to the Ecumenical Temple.
  6871 | D:7      | Found a sand-covered staircase.
  6875 | Ossuary  | Entered an ossuary
  7854 | D:7      | Identified the +1 robe "Buumafyedo" {rElec Dex-3 SInv
                  | Stlth+}
  8714 | D:8      | Reached XP level 10. HP: 57/86 MP: 9/9
 10569 | Temple   | Entered the Ecumenical Temple
 10609 | Temple   | Became a worshipper of Warmaster Okawaru
 11105 | D:10     | Entered Level 10 of the Dungeon
 11183 | D:10     | Noticed a two-headed ogre
 11192 | D:10     | Killed a two-headed ogre
 11193 | D:10     | Reached skill level 10 in Armour
 11266 | D:10     | Found a flagged portal.
 11363 | Bailey   | Entered a bailey
 11439 | Bailey   | Reached * piety under Okawaru
 11596 | Bailey   | Found a large runed translucent door.
 11596 | Bailey   | Found a large runed translucent door.
 11597 | Bailey   | Noticed a deep elf pyromancer
 11598 | Bailey   | Noticed an orc knight
 11619 | Bailey   | Killed an orc knight
 11921 | Bailey   | Killed a deep elf pyromancer
 12064 | D:10     | Reached XP level 11. HP: 63/97 MP: 10/10
 12466 | D:11     | Reached skill level 1 in Invocations
 12496 | D:11     | Found a staircase to the Lair.
 12525 | D:11     | Reached ** piety under Okawaru
 12674 | D:11     | Noticed a two-headed ogre
 12684 | D:11     | Noticed a two-headed ogre
 12687 | D:11     | Killed a two-headed ogre
 12695 | D:11     | Killed a two-headed ogre
 12726 | D:11     | Reached *** piety under Okawaru
 12726 | D:11     | Received a gift from Okawaru
 13564 | D:11     | Reached skill level 10 in Fighting
 13815 | D:11     | Found a staircase to the Orcish Mines.
 13863 | D:11     | Reached **** piety under Okawaru
 13946 | D:11     | Noticed a seven-headed hydra
 13953 | D:11     | Killed a four-headed hydra
 14653 | Lair:1   | Entered Level 1 of the Lair of Beasts
 14678 | Lair:1   | Received a gift from Okawaru
 14727 | Lair:1   | Reached XP level 12. HP: 107/107 MP: 12/12
 15483 | Lair:2   | Found a runed translucent gate.
 15483 | Lair:2   | Found a runed translucent gate.
 15483 | Lair:2   | Found a runed translucent gate.
 15567 | Lair:2   | Received a gift from Okawaru
 16049 | Lair:2   | Reached ***** piety under Okawaru
 16677 | Lair:2   | Noticed Kaptain's ghost (adept GrEE)
 16761 | Lair:3   | Reached skill level 10 in Shields
 16772 | Lair:3   | Found a staircase to the Swamp.
 16850 | Lair:3   | Found a hole to the Spider Nest.
 17146 | Lair:3   | Received a gift from Okawaru
 17535 | Lair:3   | Noticed a five-headed hydra
 17545 | Lair:3   | Killed a one-headed hydra
 17545 | Lair:3   | Received a gift from Okawaru
 18070 | D:6      | Killed Tali's ghost
 18132 | D:6      | Got the ring of Yendor {Fire Str+2}
 18289 | D:12     | Noticed a two-headed ogre
 18296 | D:12     | Killed a two-headed ogre
 18320 | D:12     | Noticed an eight-headed hydra
 18332 | D:12     | Killed a four-headed hydra
 18333 | D:12     | Reached skill level 15 in Long Blades
 18333 | D:12     | Reached skill level 1 in Axes
 18333 | D:12     | Reached XP level 13. HP: 45/119 MP: 13/13
 19038 | D:12     | Identified the +10 flail of Pozoptev {antimagic, Str+2
                  | Dex+4}
 19631 | Orc:1    | Entered Level 1 of the Orcish Mines
 19654 | Orc:1    | Noticed Gastronok
 19678 | Orc:1    | Killed Gastronok
 20821 | Orc:2    | Entered Level 2 of the Orcish Mines
 21522 | Orc:2    | Received a gift from Okawaru
 21803 | Orc:2    | Found Tecierid's Antique Armour Shop.
 21803 | Orc:2    | Found Hujas's Armour Emporium.
 21805 | Orc:2    | Found Sasy's Antique Weapon Shoppe.
 21807 | Orc:2    | Found Ethraubre's Magic Scroll Boutique.
 21811 | Orc:2    | Bought a scroll of enchant weapon for 82 gold pieces
 21811 | Orc:2    | Bought a scroll of blinking for 82 gold pieces
 21940 | Orc:2    | Found a staircase to the Elven Halls.
 23630 | D:13     | Identified the +2 hat "Jycyet" {rF+ Str+4 Int-5} (Okawaru
                  | gifted it to you on level 13 of the Dungeon)
 23630 | D:13     | Received a gift from Okawaru
 23665 | D:13     | Reached skill level 5 in Dodging
 24048 | D:13     | Reached XP level 14. HP: 105/130 MP: 15/15
 24405 | D:13     | Found a gate to the Vaults.
 24870 | Lair:4   | Reached skill level 15 in Armour
 25355 | Lair:4   | Identified the ring "Heckusaz" {Will+ rCorr Str-5 Int+6
                  | Slay+3}
 26314 | Lair:5   | Noticed Nessos
 26342 | Lair:5   | Killed Nessos
 26342 | Lair:5   | Reached ****** piety under Okawaru
 27354 | Lair:5   | Reached skill level 15 in Shields
 27615 | Lair:5   | Received a gift from Okawaru
 27725 | Lair:6   | Entered Level 6 of the Lair of Beasts
 27755 | Lair:6   | Reached skill level 15 in Fighting
 28660 | Lair:6   | Received a gift from Okawaru
 28661 | Lair:6   | Reached XP level 15. HP: 141/141 MP: 16/16
 29555 | Lair:6   | Found a corrupted altar of Lugonu.
 29555 | Lair:6   | Found a one-way gate to the infinite horrors of the Abyss.
 29909 | Lair:6   | Found a staircase to the Slime Pits.
 29909 | Lair:6   | Found a viscous altar of Jiyva.
 30148 | Lair:6   | Found a runed translucent door.
 30152 | Lair:6   | Identified the +9 trident "Jiryrrel" {pain, +Blink rF+ rN+
                  | Int+5}
 30187 | Lair:6   | Noticed ciphuk's ghost (journeyman TeWn)
 30576 | Lair:6   | Killed ciphuk's ghost
 30577 | Lair:6   | Slain by a cane toad

Illustrated notes

Levels and vault maps discovered:
D:1:      lightli_arrival_boilingwater, layout_basic,
          shapermc_ecumenical_altar_acropolis, minmay_misc_feat_four_crosses
D:2:      layout_basic, minmay_rat_hole, uniq_robin, uniq_natasha, uniq_jessica,
          uniq_crazy_yiuf_cottage
D:3:      layout_basic
D:4:      layout_rooms, nicolae_ru_great_annihilating_truth
D:5:      layout_loops_corners, uniq_sigmund
D:6:      layout_layer_cave, gammafunk_ghost_icy, uniq_maggie, uniq_eustachio
D:7:      layout_basic, minmay_temple_entry_wispy, enter_ossuary_5,
          kennysheep_dice
D:8:      layout_basic
D:9:      layout_roguey, hangedman_decor_opposing
D:10:     layout_cave_pools, enter_bailey_3
D:11:     layout_stronghold, due_lair_maze_entry_diamond,
          kennysheep_orc_monster_closet_entryway, serial_park_tiny_2
D:12:     minmay_statue_hallways, layout_rooms
D:13:     layout_small_grid, erik_vaults_2, minmay_holes,
          kennysheep_generic_room_14
Temple:   dpeg_three_leaves_temple
Lair:1:   layout_roguey, lemuel_old_faithful
Lair:2:   layout_roguey, ebering_ghost_rock_garden, nicolae_lair_lil_pond,
          cheibrodos_lair_lostbears, grunt_megastairs_5, serial_bayou_shore_a
Lair:3:   layout_long_grid, skrybe_swamp_entry_bodies, dummy_spider_entry
Lair:4:   layout_long_grid
Lair:5:   layout_regular_city, nzn_random_ring, uniq_nessos
Lair:6:   hellmonk_lair_end_abyssal_woods, layout_gridlike, slime_altar_1,
          ebering_ghost_funeral_grove, grunt_megastairs_2
Orc:1:    layout_caves, mines1_david, uniq_gastronok
Orc:2:    st_orc_rangers, layout_diamond_mine, rock_pile

Skill      XL: |  1  2  3  4  5  6  7  8  9 10 11 12 13 14 15 |
---------------+----------------------------------------------+-----
Fighting       | 4 5 6 7 9 10 12 13 15 | 15.5
Armour         | 4 5 6 7 9 10 12 13 14 15 16 | 16.3
Long Blades    | 3 4 5 6 8 9 11 13 14 15 16 | 16.6
Dodging        | 1 2 3 4 5 |  5.2
Shields        | 4 5 7 8 10 12 15 16 | 16.0
Stealth        | 1 2 3 |  3.3
Evocations     | 1 |  1.5
Invocations    | 2 |  2.8
Axes           | 1 2 3 |  3.4
Unarmed Combat | |  0.1

Action                   |  1- 3 |  4- 6 |  7- 9 | 10-12 | 13-15 || total
-------------------------+-------+-------+-------+-------+-------++-------
Melee: Long sword        |    81 |   197 |   272 |   648 |  1128 ||  2326
       Headbutt          |    10 |    32 |    45 |   156 |   278 ||   521
       Unarmed           |       |    10 |       |       |       ||    10
       Falchion          |       |       |    10 |       |       ||    10
       War axe           |       |       |       |    19 |    34 ||    53
Invok: Heroism           |       |       |       |     7 |    15 ||    22
Evoke: Wand              |       |       |     6 |     3 |     2 ||    11
  Use: Potion            |       |       |     5 |     2 |     3 ||    10
       Scroll            |       |       |    11 |     4 |     7 ||    22
 Stab: Paralysed         |       |     1 |       |       |       ||     1
       Confused          |       |       |     1 |       |       ||     1
       Distracted        |       |       |       |     1 |       ||     1
Armor: Scale mail        |    52 |    64 |       |    12 |       ||   128
       Skin              |       |     2 |       |       |       ||     2
       Chain mail        |       |    57 |   141 |    35 |       ||   233
       Plate armour      |       |       |       |   329 |   624 ||   953
Dodge: Dodged            |    54 |   110 |   110 |   328 |   518 ||  1120
Block: Buckler           |    21 |    61 |    58 |    72 |       ||   212
       Kite shield       |       |       |       |   219 |   818 ||  1037
